 Dungeon Crawl Stone Soup version 0.25-a0-861-g340c9e8194 (webtiles) character file.

Game seed: 17616551924657932361, levelgen mode: classic

644 EnegeticOcto the Chopper (level 7, -6/67 HPs)
             Began as a Deep Dwarf Fighter on Apr 29, 2020.
             Killed from afar by Pikel (8 damage)
             ... with a bolt of acid
             ... on level 5 of the Dungeon.
             The game lasted 00:01:31 (1675 turns).

EnegeticOcto the Chopper (Deep Dwarf Fighter)       Turns: 1675, Time: 00:01:32

Health: -6/67      AC:  9    Str: 22    XL:     7   Next: 26%
Magic:  5/5        EV:  4    Int:  8    God:
Gold:   147        SH: 10    Dex: 12    Spells: 6/6 levels left

rFire    . . .     SeeInvis .   a - +0 war axe
rCold    . . .     Gourm    .   c - +0 kite shield
rNeg     . . .     Faith    .   d - +0 plate armour
rPois    .         Spirit   .   i - +0 helmet
rElec    .         Reflect  .   (no cloak)
rCorr    .         Harm     .   (no gloves)
MR       +....                  (no boots)
Stlth    ..........             (no amulet)
HPRegen  0.00/turn              (no ring)
MPRegen  0.09/turn              (no ring)

@: corroded, non-regenerating
A: damage resistance, heal wounds, sense surroundings 1, no regeneration
a: Heal Wounds


You were on level 5 of the Dungeon.
You were not hungry.

You visited 1 branch of the dungeon, and saw 5 of its levels.

You collected 147 gold pieces.

Inventory:

Hand Weapons
 a - a +0 war axe (weapon)
Armour
 c - a +0 kite shield (worn)
 d - a +0 plate armour (worn)
 i - a +0 helmet (worn)
Wands
 m - a wand of polymorph (3)
Scrolls
 b - 2 scrolls of immolation {@r4}
 g - 3 scrolls of teleportation {@r2}
 h - 2 scrolls of remove curse {@r6}
 j - a scroll of enchant weapon
 o - 3 scrolls of magic mapping {@r5}
Potions
 f - 3 potions of heal wounds {@q2}
 k - a potion of might {@q3}
 p - a potion of cancellation {unknown}
Comestibles
 e - a ration


   Skills:
 * Level 5.0 Fighting
 * Level 5.4 Axes
 + Level 4.8 Armour
 + Level 4.8 Shields


You had 6 spell levels left.
You didn't know any spells.
Your spell library was empty.

Dungeon Overview and Level Annotations

Branches:
Dungeon (5/15)
 Temple: D:4-7

Altars:

Shops:
D:5 =

Annotations:
D:4 1 runed translucent door, tilp's ghost, amateur KoAM
D:5 1 runed translucent door, 2 transporters, Crazy Yiuf; Pikel


Innate Abilities, Weirdness & Mutations

You are resistant to damage.
You can heal yourself by infusing magical energy.
You passively map a small area around you.
You do not regenerate.


Message History

You hit the slave but do no damage.
The slave is heavily wounded.
You hit Pikel but do no damage. Pikel hits you but does no damage.
The slave hits you but does no damage.
There are monsters nearby!
There are monsters nearby!
There are monsters nearby!
There are monsters nearby!
You slash the slave!
The slave is almost dead.
Your shield and plate armour prevent you from hitting Pikel.
You block Pikel's attack. The slave hits you but does no damage.
Pikel hits you but does no damage.
You slash the slave!
You kill the slave!
That felt strangely unrewarding.
You hit Pikel but do no damage.
Pikel zaps a wand.
The bolt of acid hits you.
You are splashed with acid!
You hit Pikel but do no damage. You slash the slave!
You block the slave's attack.
Pikel zaps a wand.
The bolt of acid misses you.
You hit the slave but do no damage.
The slave is moderately wounded.
You hit Pikel. The slave hits you. Pikel barely misses you. The slave hits you.
You slash the slave!
The slave is severely wounded.
You closely miss Pikel. Pikel hits you but does no damage.
You block the slave's attack. You block Pikel's attack.
You hit the slave.
The slave is severely wounded.
You closely miss Pikel. You block the slave's attack.
Pikel zaps a wand.
The bolt of acid hits you.
You are splashed with acid!
You slash the slave!
You kill the slave!
That felt strangely unrewarding.
You hit Pikel but do no damage. Pikel hits you but does no damage.
Pikel zaps a wand.
The bolt of acid hits you.
You are splashed with acid!
You are too injured to fight recklessly!
You are too injured to fight recklessly!
You are too injured to fight recklessly!
You are too injured to fight recklessly!
You are too injured to fight recklessly!
You are too injured to fight recklessly!
You are too injured to fight recklessly!
You are too injured to fight recklessly!
You are too injured to fight recklessly!
You are too injured to fight recklessly!
You are too injured to fight recklessly!
You are too injured to fight recklessly!
You are too injured to fight recklessly!
You are too injured to fight recklessly!
There are monsters nearby!
Your magical essence is drained by the effort!
You feel much better. The slave hits you but does no damage.
Pikel zaps a wand.
The bolt of acid hits you! The acid corrodes you!
You are splashed with acid!
You are too injured to fight recklessly!
You are too injured to fight recklessly!
You are too injured to fight recklessly!
You are too injured to fight recklessly!
You are too injured to fight recklessly!
You are too injured to fight recklessly!
You are too injured to fight recklessly!
You are too injured to fight recklessly!
You feel much better. You block the slave's attack.
Pikel hits you with a +1 whip of electrocution.
You are electrocuted!
You are too injured to fight recklessly!
You are too injured to fight recklessly!
You are too injured to fight recklessly!
You are too injured to fight recklessly!
You are too injured to fight recklessly!
You are too injured to fight recklessly!
You are too injured to fight recklessly!
You are too injured to fight recklessly!
You are too injured to fight recklessly!
You are too injured to fight recklessly!
You are too injured to fight recklessly!
You are too injured to fight recklessly!
You are too injured to fight recklessly!
You are too injured to fight recklessly!
You are too injured to fight recklessly!
You are too injured to fight recklessly!
You are too injured to fight recklessly!
You closely miss Pikel.
Pikel is lightly wounded.
You closely miss the slave. The slave hits you but does no damage.
Pikel zaps a wand.
The bolt of acid hits you but does no damage.
You are splashed with acid!
* * * LOW HITPOINT WARNING * * *
You closely miss Pikel.
Pikel is lightly wounded.
You hit the slave but do no damage. You block the slave's attack.
Pikel hits you with a +1 whip of electrocution.
You are electrocuted!!
* * * LOW HITPOINT WARNING * * *
The slave barely misses you.
You completely miss Pikel.
Pikel is lightly wounded.
You hit the slave but do no damage.
Pikel zaps a wand.
The bolt of acid hits you!
You die...

..........## #..........
...........###.##.......
, .............. #.......
, ...........###*
#....... .............#
#.###### * .............#
#.####.. .$...........#
##.##...# ..[....#...###
#.....### *
#K@.##..###..######
*#...pp##.........#.....
#....##...##............
*................>..8....
.#. $...##..............
.. ..#..........8.∩.8.. #
. .#.[..............
#.............8.... ,
..................


You could see Pikel and 2 slaves.

Vanquished Creatures
  Menkaure (D:5)
  An ice beast (D:5)
  2 slaves (D:5)
  2 ogres (D:4)
  2 howler monkeys (D:4)
  A hound (D:4)
  A centaur skeleton (D:4)
  Ijyb (D:4)
  A worker ant (D:5)
  3 adders
  3 gnolls (D:4)
  A shadow imp (D:5)
  An adder skeleton (D:4)
  3 worms
  A dart slug (D:5)
  4 leopard geckos
  3 orcs (D:3)
  2 bats
  2 goblins
  2 hobgoblins (D:3)
  2 jackals (D:5)
  4 kobolds
  3 quokkas
  A rat (D:2)
47 creatures vanquished.

Vanquished Creatures (others)
  2 plants (D:5)
  2 withered plants (D:4)
4 creatures vanquished.

Grand Total: 51 creatures vanquished

Notes
Turn   | Place    | Note
-------+----------+-------------------------------------------
     0 | D:1      | EnegeticOcto the Deep Dwarf Fighter began the quest for the
                  | Orb.
     0 | D:1      | Reached XP level 1. HP: 20/20 MP: 1/1
   191 | D:2      | Reached XP level 2. HP: 27/27 MP: 2/2
   545 | D:3      | Reached XP level 3. HP: 26/34 MP: 3/3
   572 | D:4      | Noticed an ogre
   585 | D:4      | Reached XP level 4. HP: 34/42 MP: 4/4
   586 | D:4      | Killed an ogre
   586 | D:4      | Reached XP level 5. HP: 28/50 MP: 5/5
   588 | D:4      | Noticed an ogre
   593 | D:4      | Noticed Ijyb
   630 | D:4      | Killed Ijyb
   645 | D:4      | Reached XP level 6. HP: 57/57 MP: 5/5
   703 | D:4      | Found a runed translucent door.
   703 | D:4      | Noticed tilp's ghost (amateur KoAM)
  1298 | D:5      | Entered Level 5 of the Dungeon
  1298 | D:5      | Noticed Menkaure
  1304 | D:5      | Noticed an ice beast
  1313 | D:5      | Killed an ice beast
  1313 | D:5      | Reached skill level 5 in Axes
  1329 | D:5      | Killed Menkaure
  1329 | D:5      | Reached XP level 7. HP: 66/66 MP: 6/6
  1362 | D:5      | Found Bugyoh's Jewellery Emporium.
  1414 | D:5      | Reached skill level 5 in Fighting
  1448 | D:5      | Found a runed translucent door.
  1449 | D:5      | Noticed Crazy Yiuf
  1517 | D:5      | Found a transporter.
  1523 | D:5      | Found a transporter.
  1523 | D:5      | Identified the +7 spear "Olosch" {venom, SInv}
  1656 | D:5      | Noticed Pikel
  1674 | D:5      | HP: 2/67 [Pikel/+1 whip of electrocution (18)]
  1675 | D:5      | Killed from afar by Pikel

Levels and vault maps discovered:
D:1:      eino_arrival_cavern_a, layout_basic
D:2:      layout_loops_ring, grunt_temple_overflow_opulence, uniq_robin
D:3:      layout_basic, lemuel_doored_altar, first_ration
D:4:      layout_loops_ring, gammafunk_ghost_grave, uniq_edmund, uniq_ijyb
D:5:      layout_rooms, gammafunk_ghost_gnarly_gnolls, serial_shops,
          nicolae_shop_statue_plus, st_stairs_14, hangedman_decor_peaks_small,
          uniq_menkaure, uniq_pikel, uniq_crazy_yiuf_cottage

Skill      XL: |  1  2  3  4  5  6  7 |
---------------+----------------------+-----
Fighting       | 3 4 5 |  5.0
Axes           | 3 4 5 |  5.4
Armour         | 4 |  4.8
Shields        | 4 |  4.8

Action                   |  1- 3 |  4- 6 |  7- 9 || total
-------------------------+-------+-------+-------++-------
Melee: War axe           |    84 |    96 |    23 ||   203
       Unarmed           |       |    13 |       ||    13
 Abil: Heal Wounds       |     2 |     8 |     2 ||    12
  Use: Scroll            |       |     1 |     6 ||     7
  Eat: Ration            |       |     1 |       ||     1
Armor: Plate armour      |    58 |    72 |    13 ||   143
       Skin              |       |     3 |       ||     3
Dodge: Dodged            |    11 |    34 |     5 ||    50
Block: Kite shield       |    58 |    66 |    10 ||   134

Table legend:
 A = Non-vault XP
 B = Vault XP
 C = Vault XP percentage of total XP
 D = Non-vault monster count
 E = Vault monster count
 F = Vault count percentage of total count
                 A         B        C        D         E       F
            +---------+---------+-------+---------+---------+-------
      Total |     697 |     223 |  24.2 |      41 |       4 |   8.9
            +---------+---------+-------+---------+---------+-------
        D:1 |       4 |       0 |   0.0 |       2 |       0 |   0.0
        D:2 |      19 |       0 |   0.0 |       9 |       0 |   0.0
        D:3 |      38 |       0 |   0.0 |      10 |       0 |   0.0
        D:4 |     499 |      36 |   6.7 |      12 |       1 |   7.7
        D:5 |     137 |     187 |  57.7 |       8 |       3 |  27.3
            +---------+---------+-------+---------+---------+-------
